 Dungeon Crawl Stone Soup version 0.30.0-5-g1a98f26d00 (webtiles) character file.

Game seed: 17761161285401435295

155 Cheops the Ruffian (level 5, 0/45 HPs)
             Began as a Ghoul Monk on May 9, 2023.
             Slain by an adder (3 damage)
             ... in a sewer.
             The game lasted 00:06:30 (1595 turns).

Cheops the Ruffian (Ghoul Monk)                     Turns: 1595, Time: 00:06:31

Health: 0/45       AC:  3    Str: 17    XL:     5   Next: 37%
Magic:  4/4        EV:  9    Int:  5    God:
Gold:   127        SH:  0    Dex: 11    Spells: 4/4 levels left

rFire   . .          .
                       - Unarmed
rCold   + . .        c - orb {light}
rNeg    + + +        a - +0 robe
rPois   ∞            (no helmet)
rElec   .            i - +0 cloak
rCorr   .            (no gloves)
SInv    .            (no boots)
Will    .....        d - amulet of the acrobat
Stlth   +            (no ring)
HPRegen 0.00/turn    (no ring)
MPRegen 0.09/turn

%: acrobat
@: inhibited regen, glowing, constricted, very slow
A: claws 1, cold resistance 1, negative energy resistance 3, inhibited
regeneration, torment resistance 2, devour on kill
a: no special abilities


You were in a sewer.
You visited 1 branch of the dungeon, and saw 3 of its levels.
You also visited: Sewer.

You collected 127 gold pieces.

Inventory:

Armour
 a - a +0 robe (worn)
 c - an orb of light (worn)
 i - a +0 cloak (worn)
Jewellery
 d - an amulet of the acrobat (around neck)
 j - an amulet of guardian spirit
Wands
 q - a wand of paralysis (2)
Scrolls
 e - a scroll of torment {unknown}
 f - a scroll of amnesia {unknown}
 h - a scroll of silence {unknown}
 l - a scroll of immolation {unknown}
Potions
 g - a potion of cancellation {unknown}
 k - a potion of degeneration {unknown}
 m - a potion of might {unknown}
 n - a potion of flight {unknown}
 o - a potion of attraction {unknown}
 p - a potion of lignification {unknown}
 r - a potion of berserk rage
 s - a potion of curing {unknown}


   Skills:
 - Level 3.2 Fighting
 - Level 2.6 Dodging
 + Level 6.5 Unarmed Combat


You had 4 spell levels left.
You didn't know any spells.
Your spell library was empty.

Dungeon Overview and Level Annotations

Branches:
Dungeon (3/15)              Sewer (1/1)

Altars:
Wu Jian

Annotations:
D:2 Natasha


Innate Abilities, Weirdness & Mutations

You are immune to poison.
You have sharp fingernails.
Your flesh is cold resistant. (rC+)
You are immune to negative energy. (rN+++)
You do not regenerate when monsters are visible.
You are immune to unholy pain and torment.
You thrive by killing the living.


Message History

The adder is almost dead.
The ball python bites you but does no damage.
The ball python bites you.
* * * LOW HITPOINT WARNING * * *
The ball python constricts you.
* * * LOW HITPOINT WARNING * * *
The adder barely misses you.
Your unstable footing causes you to fumble your attack.
The ball python bites you but does no damage.
The ball python closely misses you. The ball python constricts you.
* * * LOW HITPOINT WARNING * * *
The adder bites you.
* * * LOW HITPOINT WARNING * * *
You closely miss the adder.
The adder is almost dead.
The ball python bites you but does no damage.
The ball python closely misses you. The ball python constricts you.
* * * LOW HITPOINT WARNING * * *
The adder bites you.
* * * LOW HITPOINT WARNING * * *
Your unstable footing causes you to fumble your attack.
The ball python barely misses you. The ball python closely misses you.
The ball python constricts you.
* * * LOW HITPOINT WARNING * * *
The adder closely misses you. The ball python barely misses you.
Your unstable footing causes you to fumble your attack.
The ball python closely misses you. The ball python constricts you.
The adder barely misses you. The ball python bites you.
* * * LOW HITPOINT WARNING * * *
The ball python misses you. The ball python constricts you.
* * * LOW HITPOINT WARNING * * *
You closely miss the adder.
The adder is severely wounded.
The adder bites you.
* * * LOW HITPOINT WARNING * * *
The ball python bites you but does no damage.
The ball python constricts you.
It was a potion of berserk rage.
You feel slightly irritated. The ball python barely misses you.
The adder bites you.
You die...
S

.. ... #... #....
###################
#.....#r≈≈≈~~≈~.~~~≈≈≈..###
#.....~r≈S~#~~≈≈≈~~≈≈≈~...#
#.....~≈r≈@~#≈≈#~≈#~~~~....
##....~rrSS≈~≈≈≈≈≈~~≈~~....
##...~≈≈≈≈≈≈≈≈≈≈≈≈≈~~~....
###..~≈≈≈≈≈≈≈≈≈≈≈≈≈≈.....
####################..†
##.. ##. #. ##.


You could see an adder, 2 ball pythons and 5 rats.

Vanquished Creatures
  Natasha (twice) (D:2)
  3 adders
  2 river rats (Sewer)
  8 endoplasms
  6 giant cockroaches
  5 goblins
  7 hobgoblins
  A quokka (D:2)
  5 ball pythons
  2 bats (D:1)
  5 frilled lizards
  4 kobolds
  14 rats
64 creatures vanquished.

Notes
Turn   | Place    | Note
-------+----------+-------------------------------------------
     0 | D:1      | Cheops the Ghoul Monk began the quest for the Orb.
     0 | D:1      | Reached XP level 1. HP: 19/19 MP: 0/0
    99 | D:1      | Reached XP level 2. HP: 26/26 MP: 1/1
   115 | D:1      | Reached skill level 4 in Unarmed Combat
   510 | D:2      | Found an ornate altar of the Wu Jian Council.
   543 | D:2      | Reached XP level 3. HP: 31/31 MP: 2/2
   735 | D:2      | Reached skill level 5 in Unarmed Combat
   750 | D:2      | Noticed Natasha
   753 | D:2      | Killed Natasha
   754 | D:2      | Reached XP level 4. HP: 38/38 MP: 3/3
  1055 | D:2      | Noticed Natasha
  1068 | D:2      | HP: 1/38 [Natasha/magic dart (7)]
  1070 | D:2      | Killed Natasha
  1111 | D:2      | Noticed Natasha
  1314 | D:3      | Found a glowing drain.
  1334 | D:3      | Reached skill level 6 in Unarmed Combat
  1340 | D:3      | Reached XP level 5. HP: 39/45 MP: 4/4
  1353 | Sewer    | Entered a sewer
  1595 | Sewer    | Slain by an adder

Illustrated notes

Levels and vault maps discovered:
D:1:      dpeg_arrival_orchard, layout_rooms
D:2:      layout_loops_ring, basic_altar, minmay_pentomino_pile, uniq_natasha
D:3:      layout_rooms, nicolae_uskayaw_dance_hall,
          ashenzari_conservatory_becter, gup_sewer_entry_glass,
          ebering_ecumenical_altar_ruins
Sewer:    sewer_minmay_w

Skill      XL: |  1  2  3  4 |
---------------+-------------+-----
Unarmed Combat | 4 5 6 |  6.5
Fighting       | |  3.2
Dodging        | |  2.6

Action                     |  1- 3 |  4- 6 || total
---------------------------+-------+-------++-------
  Melee: Unarmed           |    67 |   108 ||   175
    Use: Potion            |       |     2 ||     2
 Armour: Robe              |     9 |    36 ||    45
  Dodge: Dodged            |    30 |   117 ||   147
